Ducks vs BlueJackets

Created - January 8 2007 at 18:38

Goals
1 2 3 OT1 T
Ducks 2 0 0 1 3
BlueJackets 1 0 1 0 2
Shots
1 2 3 OT1 T
Ducks 12 12 5 1 30
BlueJackets 13 10 13 7 43

Period #1

1. Ducks , Sean O'Donnell 3 (Corey Perry, Rob Niedermayer) at 3:37
2. Ducks , Andy McDonald 8 (Francois Beauchemin, Jozef Stumpel) at 4:29
3. BlueJackets , Pavel Datsyuk 5 (Duvie Westcott, Bryan Berard) at 15:31

Penalities :
Chris Pronger (ANA) for Hooking (Minor) at 7:04, Chris Pronger (ANA) for Holding (Minor) at 10:49, JS Giguere (ANA) for Slashing (Minor) at 11:57 - Mike Van Ryn served the penalty., Antti Miettinen (CBJ) for Roughing (Minor) at 16:13

Period #2

No Goal

Penalities :
Adam Foote (CBJ) for Boarding (Minor) at 0:23, Keith Ballard (CBJ) for Tripping (Minor) at 4:26, Manny Malhotra (CBJ) for Interference (Minor) at 8:10, Chris Kunitz (ANA) for Slashing (Minor) at 8:10, Keith Ballard (CBJ) for Elbowing (Minor) at 13:15, Duvie Westcott (CBJ) for Cross-checking (Minor) at 18:20

Period #3

4. BlueJackets , Fredrik Modin 8 (Sergei Fedorov, Adam Foote) at 2:21

Penalities :
Rob Niedermayer (ANA) for Diving (Minor) at 4:20, Manny Malhotra (CBJ) for Kneeing (Major) at 9:18, Ladislav Nagy (ANA) for Roughing (Minor) at 17:31, Mike Van Ryn (ANA) for Elbowing (Minor) at 19:42

Overtime #1

5. Ducks , Andy McDonald 9 (Ryan Getzlaf, Ladislav Nagy) at 3:56

Penalities :
No Penalty

Goalie Stats

JS Giguere (ANA), 41 saves from 43 shots - (0.953), W, 7-3-4, 63:57 minutes
Alexander Auld (CBJ), 27 saves from 30 shots - (0.900), OTL, 0-1-2, 63:57 minutes

Players Stats

Ducks
Player Name              G  A  P  +/- PIM S  H  SB FO MP 
-----------------------------------------------------------
Andy McDonald            2  0  2   1  0   5  0  0  1  22 
Chris Kunitz             0  0  0  -1  2   3  0  0  1  21 
Chris Pronger            0  0  0   0  4   0  2  3  0  25 
Corey Perry              0  1  1   1  0   2  0  0  2  18 
Francois Beauchemin      0  1  1   1  0   1  1  1  0  25 
Joe Dipenta              0  0  0   0  0   0  0  2  0  18 
Jozef Stumpel            0  1  1   0  0   5  0  0  25 20 
Ladislav Nagy            0  1  1   0  2   0  1  3  1  20 
Mike Van Ryn             0  0  0  -1  2   1  0  3  0  13 
Paul Stastny             0  0  0   1  0   3  0  0  15 14 
Rob Niedermayer          0  1  1   1  2   1  2  0  9  21 
Ryan Getzlaf             0  1  1   0  0   3  0  0  29 19 
Samuel Pahlsson          0  0  0   0  0   0  0  0  7  6  
Scott Niedermayer        0  0  0   0  0   1  0  3  0  25 
Sean O'Donnell           1  0  1   1  0   2  1  2  0  19 
Teemu Selanne            0  0  0   0  0   2  0  0  2  23 
Todd Marchant            0  0  0   0  0   1  2  0  5  5  
Travis Green             0  0  0   0  0   0  0  0  0  6  
BlueJackets
Player Name              G  A  P  +/- PIM S  H  SB FO MP 
-----------------------------------------------------------
Adam Foote               0  1  1   0  2   1  0  1  0  18 
Antti Miettinen          0  0  0   0  2   2  0  0  0  14 
Bryan Berard             0  1  1   0  0   3  0  2  0  23 
Dan Fritsche             0  0  0   0  0   2  0  0  0  13 
David Vyborny            0  0  0  -1  0   5  0  0  6  24 
Duvie Westcott           0  1  1  -1  2   1  1  1  0  15 
Fredrik Modin            1  0  1  -1  0   5  0  0  4  22 
Keith Ballard            0  0  0   0  4   1  2  5  0  19 
Manny Malhotra           0  0  0   0  7   4  0  0  26 16 
Nikolai Zherdev          0  0  0   0  0   3  0  0  3  16 
Patrice Brisebois        0  0  0  -1  0   0  1  0  0  24 
Pavel Datsyuk            1  0  1   0  0   6  0  0  15 14 
Radoslav Suchy           0  0  0   0  0   1  0  0  0  14 
Rick Nash                0  0  0   0  0   7  2  0  0  20 
Ron Hainsey              0  0  0   0  0   0  2  1  0  19 
Sean Avery               0  0  0   0  0   0  1  0  6  8  
Sergei Fedorov           0  1  1   0  0   2  0  0  36 24 
Trevor Letowski          0  0  0   0  0   0  0  0  1  13 

3 Stars

1 - JS Giguere (ANA)
2 - Andy McDonald (ANA)
3 - Alexander Auld (CBJ)

Power Play

Ducks - 0 on 5 Attempt(s) - 0.00%
BlueJackets - 0 on 6 Attempt(s) - 0.00%

Penalty Kill

Ducks - 6 on 6 Attempt(s) - 100.00% - Score 0 goal in Penalty Kill
BlueJackets - 5 on 5 Attempt(s) - 100.00% - Score 0 goal in Penalty Kill

Game Notes

No Game Note

Finance

Level 1 -- Attendance: 4211 (70.19%) -- Ticket Income $421,100.00
Level 2 -- Attendance: 4684 (89.22%) -- Ticket Income $281,040.00
Level 3 -- Attendance: 1794 (79.75%) -- Ticket Income $62,790.00
Level 4 -- Attendance: 3578 (89.45%) -- Ticket Income $71,560.00
Luxury Box -- Attendance: 592 (59.23%) -- Ticket Income $118,400.00
Game was played at the Nationwide Arena
Total Attendance: 14859 (80.32%)
Total Ticket Income: $1,022,135.00
Other Expense: $94,377.20
Total Income: $927,758.00


Play by Play

Period #1

0:01 of 1st period - Jozef Stumpel wins face-off versus Pavel Datsyuk in neutral zone.
1:56 of 1st period - Shot by Ryan Getzlaf.
1:56 of 1st period - Stopped by Alexander Auld without a rebound.
1:57 of 1st period - Nikolai Zherdev wins face-off versus Paul Stastny in BlueJackets zone.
2:12 of 1st period - Shot by Manny Malhotra.
2:12 of 1st period - Stopped by JS Giguere with a rebound.
2:15 of 1st period - Shot by Nikolai Zherdev.
2:15 of 1st period - Stopped by JS Giguere without a rebound.
2:16 of 1st period - Sean Avery wins face-off versus Ryan Getzlaf in Ducks zone.
2:38 of 1st period - Ladislav Nagy is hit by Sean Avery and loses puck.
2:49 of 1st period - Off-side.
2:50 of 1st period - Manny Malhotra wins face-off versus Corey Perry in neutral zone.
2:56 of 1st period - Icing by Manny Malhotra.
2:57 of 1st period - Manny Malhotra wins face-off versus Rob Niedermayer in BlueJackets zone.
3:07 of 1st period - Off-side.
3:08 of 1st period - Sergei Fedorov wins face-off versus Paul Stastny in neutral zone.
3:11 of 1st period - Shot by Antti Miettinen.
3:11 of 1st period - Shot Misses the Net.
3:36 of 1st period - Shot by Corey Perry.
3:36 of 1st period - Stopped by Alexander Auld with a rebound.
3:37 of 1st period - Shot by Sean O'Donnell.
3:37 of 1st period - Goal by Sean O'Donnell.
3:38 of 1st period - Ryan Getzlaf wins face-off versus Manny Malhotra in neutral zone.
4:03 of 1st period - Shot by Chris Kunitz.
4:03 of 1st period - Shot Misses the Net.
4:08 of 1st period - Shot by Ryan Getzlaf.
4:08 of 1st period - Stopped by Alexander Auld without a rebound.
4:09 of 1st period - Pavel Datsyuk wins face-off versus Jozef Stumpel in BlueJackets zone.
4:28 of 1st period - Shot by Jozef Stumpel.
4:28 of 1st period - Stopped by Alexander Auld with a rebound.
4:29 of 1st period - Shot by Francois Beauchemin.
4:29 of 1st period - Goal by Andy McDonald.
4:30 of 1st period - Sergei Fedorov wins face-off versus Paul Stastny in neutral zone.
6:29 of 1st period - Shot by Chris Kunitz.
6:29 of 1st period - Stopped by Alexander Auld with a rebound.
6:34 of 1st period - Shot by Ladislav Nagy.
6:34 of 1st period - Shot Misses the Net.
6:37 of 1st period - Shot by Chris Kunitz.
6:37 of 1st period - Shot Misses the Net.
6:38 of 1st period - Shot by Mike Van Ryn.
6:38 of 1st period - Stopped by Alexander Auld without a rebound.
6:39 of 1st period - Manny Malhotra wins face-off versus Todd Marchant in BlueJackets zone.
6:41 of 1st period - Dan Fritsche is hit by Todd Marchant and loses puck.
6:59 of 1st period - Shot by Dan Fritsche.
6:59 of 1st period - Shot Misses the Net.
7:00 of 1st period - Shot by Manny Malhotra.
7:00 of 1st period - Shot Misses the Net.
7:04 of 1st period - Minor Penalty to Chris Pronger for Hooking.
7:05 of 1st period - Pavel Datsyuk wins face-off versus Samuel Pahlsson in Ducks zone.
7:10 of 1st period - Shot by Rick Nash.
7:10 of 1st period - Shot Misses the Net.
7:25 of 1st period - Shot by Pavel Datsyuk.
7:25 of 1st period - Stopped by JS Giguere with a rebound.
7:28 of 1st period - Shot by Bryan Berard.
7:28 of 1st period - Stopped by JS Giguere with a rebound.
7:29 of 1st period - Shot by David Vyborny.
7:29 of 1st period - Shot Misses the Net.
7:32 of 1st period - Shot by Rick Nash.
7:32 of 1st period - Shot Blocked by Sean O'Donnell.
7:35 of 1st period - Shot by Pavel Datsyuk.
7:35 of 1st period - Shot Misses the Net.
8:13 of 1st period - Off-side.
8:14 of 1st period - Samuel Pahlsson wins face-off versus Nikolai Zherdev in neutral zone.
9:25 of 1st period - Shot by Andy McDonald.
9:25 of 1st period - Stopped by Alexander Auld without a rebound.
9:26 of 1st period - Ryan Getzlaf wins face-off versus Sean Avery in BlueJackets zone.
9:31 of 1st period - Shot by Chris Kunitz.
9:31 of 1st period - Shot Misses the Net.
9:36 of 1st period - Shot by Ladislav Nagy.
9:36 of 1st period - Shot Misses the Net.
9:40 of 1st period - Icing by Fredrik Modin.
9:41 of 1st period - Fredrik Modin wins face-off versus Paul Stastny in BlueJackets zone.
10:32 of 1st period - Shot by Keith Ballard.
10:32 of 1st period - Stopped by JS Giguere without a rebound.
10:33 of 1st period - Jozef Stumpel wins face-off versus Manny Malhotra in Ducks zone.
10:49 of 1st period - Minor Penalty to Chris Pronger for Holding.
10:50 of 1st period - Sergei Fedorov wins face-off versus Samuel Pahlsson in Ducks zone.
11:33 of 1st period - Shot by Antti Miettinen.
11:33 of 1st period - Shot Misses the Net.
11:51 of 1st period - Icing by Keith Ballard.
11:52 of 1st period - Pavel Datsyuk wins face-off versus Teemu Selanne in BlueJackets zone.
11:57 of 1st period - Shot by David Vyborny.
11:57 of 1st period - Stopped by JS Giguere without a rebound.
11:57 of 1st period - Minor Penalty to JS Giguere for Slashing.
11:58 of 1st period - Rob Niedermayer wins face-off versus Pavel Datsyuk in Ducks zone.
12:27 of 1st period - Shot by Samuel Pahlsson.
12:27 of 1st period - Shot Blocked by Keith Ballard.
12:53 of 1st period - Icing by Patrice Brisebois.
12:54 of 1st period - Sergei Fedorov wins face-off versus Rob Niedermayer in BlueJackets zone.
14:11 of 1st period - Shot by Dan Fritsche.
14:11 of 1st period - Shot Blocked by Mike Van Ryn.
14:14 of 1st period - Shot by Dan Fritsche.
14:14 of 1st period - Shot Misses the Net.
14:15 of 1st period - Shot by Sean Avery.
14:15 of 1st period - Shot Blocked by Joe Dipenta.
14:18 of 1st period - Shot by Sean Avery.
14:18 of 1st period - Shot Misses the Net.
14:21 of 1st period - Shot by Sean Avery.
14:21 of 1st period - Shot Blocked by Mike Van Ryn.
14:24 of 1st period - Shot by Sean Avery.
14:24 of 1st period - Shot Misses the Net.
14:55 of 1st period - Shot by Antti Miettinen.
14:55 of 1st period - Shot Blocked by Mike Van Ryn.
15:26 of 1st period - Shot by Pavel Datsyuk.
15:26 of 1st period - Stopped by JS Giguere with a rebound.
15:27 of 1st period - Shot by David Vyborny.
15:27 of 1st period - Shot Misses the Net.
15:28 of 1st period - Shot by Bryan Berard.
15:28 of 1st period - Stopped by JS Giguere with a rebound.
15:31 of 1st period - Shot by Pavel Datsyuk.
15:31 of 1st period - Goal by Pavel Datsyuk.
15:32 of 1st period - Manny Malhotra wins face-off versus Jozef Stumpel in neutral zone.
15:40 of 1st period - Dan Fritsche is hit by Chris Pronger and loses puck.
15:54 of 1st period - Shot by Manny Malhotra.
15:54 of 1st period - Stopped by JS Giguere without a rebound.
15:55 of 1st period - Sean Avery wins face-off versus Todd Marchant in Ducks zone.
15:56 of 1st period - Shot by Fredrik Modin.
15:56 of 1st period - Shot Blocked by Chris Pronger.
15:57 of 1st period - Shot by Radoslav Suchy.
15:57 of 1st period - Stopped by JS Giguere without a rebound.
15:58 of 1st period - Sean Avery wins face-off versus Todd Marchant in Ducks zone.
16:08 of 1st period - Fredrik Modin is hit by Todd Marchant and loses puck.
16:12 of 1st period - Shot by Fredrik Modin.
16:12 of 1st period - Stopped by JS Giguere without a rebound.
16:13 of 1st period - Jozef Stumpel wins face-off versus Sergei Fedorov in Ducks zone.
16:13 of 1st period - Minor Penalty to Antti Miettinen for Roughing.
16:14 of 1st period - Rob Niedermayer wins face-off versus David Vyborny in Ducks zone.
16:36 of 1st period - Trevor Letowski is hit by Rob Niedermayer and loses puck.
16:48 of 1st period - Shot by Corey Perry.
16:48 of 1st period - Stopped by Alexander Auld with a rebound.
17:35 of 1st period - Shot by Teemu Selanne.
17:35 of 1st period - Shot Misses the Net.
17:36 of 1st period - Shot by Todd Marchant.
17:36 of 1st period - Stopped by Alexander Auld without a rebound.
17:37 of 1st period - Jozef Stumpel wins face-off versus Sergei Fedorov in BlueJackets zone.
17:50 of 1st period - Shot by Jozef Stumpel.
17:50 of 1st period - Shot Misses the Net.
17:53 of 1st period - Shot by Jozef Stumpel.
17:53 of 1st period - Stopped by Alexander Auld without a rebound.
17:54 of 1st period - Sergei Fedorov wins face-off versus Ryan Getzlaf in BlueJackets zone.
18:44 of 1st period - Icing by Sean O'Donnell.
18:45 of 1st period - Sergei Fedorov wins face-off versus Paul Stastny in Ducks zone.
18:48 of 1st period - Shot by Antti Miettinen.
18:48 of 1st period - Shot Misses the Net.
19:07 of 1st period - Shot by Antti Miettinen.
19:07 of 1st period - Shot Blocked by Ladislav Nagy.
19:10 of 1st period - Shot by Antti Miettinen.
19:10 of 1st period - Stopped by JS Giguere without a rebound.
19:11 of 1st period - Jozef Stumpel wins face-off versus Manny Malhotra in Ducks zone.
19:20 of 1st period - Shot by Andy McDonald.
19:20 of 1st period - Shot Misses the Net.
19:23 of 1st period - Shot by Andy McDonald.
19:23 of 1st period - Shot Blocked by Keith Ballard.

Period #2

0:01 of 2nd period - Pavel Datsyuk wins face-off versus Jozef Stumpel in neutral zone.
0:10 of 2nd period - Shot by Bryan Berard.
0:10 of 2nd period - Shot Hit the Post.
0:15 of 2nd period - Shot by Teemu Selanne.
0:15 of 2nd period - Stopped by Alexander Auld with a rebound.
0:16 of 2nd period - Shot by Jozef Stumpel.
0:16 of 2nd period - Stopped by Alexander Auld without a rebound.
0:17 of 2nd period - Sergei Fedorov wins face-off versus Ryan Getzlaf in BlueJackets zone.
0:23 of 2nd period - Minor Penalty to Adam Foote for Boarding.
0:24 of 2nd period - Ryan Getzlaf wins face-off versus Sergei Fedorov in BlueJackets zone.
0:30 of 2nd period - Ryan Getzlaf is hit by Patrice Brisebois and loses puck.
0:37 of 2nd period - Icing by Andy McDonald.
0:38 of 2nd period - Manny Malhotra wins face-off versus Ryan Getzlaf in Ducks zone.
0:51 of 2nd period - Shot by Radoslav Suchy.
0:51 of 2nd period - Stopped by JS Giguere with a rebound.
0:56 of 2nd period - Shot by Manny Malhotra.
0:56 of 2nd period - Shot Misses the Net.
1:14 of 2nd period - Off-side.
1:15 of 2nd period - Sergei Fedorov wins face-off versus Jozef Stumpel in neutral zone.
2:28 of 2nd period - Shot by Paul Stastny.
2:28 of 2nd period - Stopped by Alexander Auld without a rebound.
2:29 of 2nd period - Pavel Datsyuk wins face-off versus Paul Stastny in BlueJackets zone.
2:34 of 2nd period - Shot by Rick Nash.
2:34 of 2nd period - Shot Blocked by Sean O'Donnell.
2:45 of 2nd period - Shot by Rick Nash.
2:45 of 2nd period - Shot Blocked by Joe Dipenta.
2:48 of 2nd period - Shot by Bryan Berard.
2:48 of 2nd period - Shot Misses the Net.
2:49 of 2nd period - Shot by Bryan Berard.
2:49 of 2nd period - Stopped by JS Giguere without a rebound.
2:50 of 2nd period - Manny Malhotra wins face-off versus Todd Marchant in Ducks zone.
3:15 of 2nd period - Shot by Nikolai Zherdev.
3:15 of 2nd period - Stopped by JS Giguere without a rebound.
3:16 of 2nd period - Ryan Getzlaf wins face-off versus Sergei Fedorov in Ducks zone.
3:18 of 2nd period - Icing by Scott Niedermayer.
3:19 of 2nd period - Sergei Fedorov wins face-off versus Ryan Getzlaf in Ducks zone.
4:16 of 2nd period - Shot by Andy McDonald.
4:16 of 2nd period - Stopped by Alexander Auld without a rebound.
4:17 of 2nd period - Paul Stastny wins face-off versus Manny Malhotra in BlueJackets zone.
4:25 of 2nd period - Rob Niedermayer is hit by Keith Ballard and loses puck.
4:26 of 2nd period - Minor Penalty to Keith Ballard for Tripping.
4:27 of 2nd period - Ryan Getzlaf wins face-off versus Manny Malhotra in BlueJackets zone.
4:37 of 2nd period - Icing by Francois Beauchemin.
4:38 of 2nd period - Sergei Fedorov wins face-off versus Ryan Getzlaf in Ducks zone.
4:51 of 2nd period - Shot by Andy McDonald.
4:51 of 2nd period - Shot Misses the Net.
4:52 of 2nd period - Shot by Francois Beauchemin.
4:52 of 2nd period - Stopped by Alexander Auld without a rebound.
4:53 of 2nd period - Jozef Stumpel wins face-off versus Sergei Fedorov in BlueJackets zone.
6:00 of 2nd period - Shot by Andy McDonald.
6:00 of 2nd period - Stopped by Alexander Auld without a rebound.
6:01 of 2nd period - Jozef Stumpel wins face-off versus David Vyborny in BlueJackets zone.
6:42 of 2nd period - Shot by David Vyborny.
6:42 of 2nd period - Shot Misses the Net.
6:43 of 2nd period - Shot by Bryan Berard.
6:43 of 2nd period - Shot Misses the Net.
6:46 of 2nd period - Shot by David Vyborny.
6:46 of 2nd period - Shot Misses the Net.
6:51 of 2nd period - Shot by Pavel Datsyuk.
6:51 of 2nd period - Stopped by JS Giguere without a rebound.
6:52 of 2nd period - Manny Malhotra wins face-off versus Ryan Getzlaf in Ducks zone.
6:57 of 2nd period - Shot by Dan Fritsche.
6:57 of 2nd period - Stopped by JS Giguere without a rebound.
6:58 of 2nd period - Manny Malhotra wins face-off versus Jozef Stumpel in Ducks zone.
7:00 of 2nd period - Dan Fritsche is hit by Chris Pronger and loses puck.
7:10 of 2nd period - Shot by Andy McDonald.
7:10 of 2nd period - Shot Misses the Net.
7:11 of 2nd period - Shot by Francois Beauchemin.
7:11 of 2nd period - Shot Blocked by Keith Ballard.
7:17 of 2nd period - Off-side.
7:18 of 2nd period - Fredrik Modin wins face-off versus Ladislav Nagy in neutral zone.
7:27 of 2nd period - Shot by Chris Kunitz.
7:27 of 2nd period - Shot Misses the Net.
7:32 of 2nd period - Shot by Adam Foote.
7:32 of 2nd period - Stopped by JS Giguere without a rebound.
7:33 of 2nd period - Paul Stastny wins face-off versus Sean Avery in Ducks zone.
8:04 of 2nd period - Shot by Bryan Berard.
8:04 of 2nd period - Stopped by JS Giguere without a rebound.
8:05 of 2nd period - Ryan Getzlaf wins face-off versus Manny Malhotra in Ducks zone.
8:05 of 2nd period - Ladislav Nagy is hit by Ron Hainsey and loses puck.
8:10 of 2nd period - Minor Penalty to Manny Malhotra for Interference.
8:10 of 2nd period - Minor Penalty to Chris Kunitz for Slashing.
8:11 of 2nd period - Ryan Getzlaf wins face-off versus David Vyborny in Ducks zone.
11:55 of 2nd period - Icing by Mike Van Ryn.
11:56 of 2nd period - Ryan Getzlaf wins face-off versus Sergei Fedorov in Ducks zone.
11:56 of 2nd period - Ladislav Nagy is hit by Rick Nash and loses puck.
12:13 of 2nd period - Sergei Fedorov is hit by Ladislav Nagy and loses puck.
12:37 of 2nd period - Shot by Sergei Fedorov.
12:37 of 2nd period - Shot Misses the Net.
12:54 of 2nd period - Shot by Teemu Selanne.
12:54 of 2nd period - Stopped by Alexander Auld without a rebound.
12:55 of 2nd period - Corey Perry wins face-off versus Manny Malhotra in BlueJackets zone.
13:15 of 2nd period - Minor Penalty to Keith Ballard for Elbowing.
13:16 of 2nd period - Manny Malhotra wins face-off versus Jozef Stumpel in Ducks zone.
13:21 of 2nd period - Shot by David Vyborny.
13:21 of 2nd period - Stopped by JS Giguere without a rebound.
13:22 of 2nd period - Sergei Fedorov wins face-off versus Ryan Getzlaf in Ducks zone.
13:27 of 2nd period - Shot by Trevor Letowski.
13:27 of 2nd period - Shot Misses the Net.
15:44 of 2nd period - Shot by Rick Nash.
15:44 of 2nd period - Stopped by JS Giguere without a rebound.
15:45 of 2nd period - Ryan Getzlaf wins face-off versus Manny Malhotra in Ducks zone.
15:58 of 2nd period - Shot by Ryan Getzlaf.
15:58 of 2nd period - Shot Misses the Net.
16:03 of 2nd period - Shot by Ryan Getzlaf.
16:03 of 2nd period - Shot Misses the Net.
16:06 of 2nd period - Shot by Ryan Getzlaf.
16:06 of 2nd period - Stopped by Alexander Auld with a rebound.
16:11 of 2nd period - Shot by Chris Kunitz.
16:11 of 2nd period - Stopped by Alexander Auld without a rebound.
16:12 of 2nd period - Paul Stastny wins face-off versus Trevor Letowski in BlueJackets zone.
16:23 of 2nd period - Shot by Paul Stastny.
16:23 of 2nd period - Stopped by Alexander Auld with a rebound.
16:24 of 2nd period - Shot by Sean O'Donnell.
16:24 of 2nd period - Shot Blocked by Bryan Berard.
16:25 of 2nd period - Shot by Sean O'Donnell.
16:25 of 2nd period - Stopped by Alexander Auld with a rebound.
16:26 of 2nd period - Shot by Mike Van Ryn.
16:26 of 2nd period - Shot Hit the Post.
16:31 of 2nd period - Shot by Paul Stastny.
16:31 of 2nd period - Shot Hit the Post.
16:34 of 2nd period - Shot by Mike Van Ryn.
16:34 of 2nd period - Stopped by Alexander Auld without a rebound.
16:35 of 2nd period - Sergei Fedorov wins face-off versus Jozef Stumpel in BlueJackets zone.
16:47 of 2nd period - Off-side.
16:48 of 2nd period - Pavel Datsyuk wins face-off versus Jozef Stumpel in neutral zone.
17:42 of 2nd period - Paul Stastny is hit by Rick Nash and loses puck.
18:14 of 2nd period - Shot by Fredrik Modin.
18:14 of 2nd period - Stopped by JS Giguere without a rebound.
18:15 of 2nd period - Ryan Getzlaf wins face-off versus Manny Malhotra in Ducks zone.
18:19 of 2nd period - Scott Niedermayer is hit by Keith Ballard and loses puck.
18:20 of 2nd period - Minor Penalty to Duvie Westcott for Cross-checking.
18:21 of 2nd period - Sergei Fedorov wins face-off versus Ryan Getzlaf in Ducks zone.
18:22 of 2nd period - Shot by Trevor Letowski.
18:22 of 2nd period - Shot Blocked by Ladislav Nagy.
19:46 of 2nd period - Icing by Ladislav Nagy.
19:47 of 2nd period - Sergei Fedorov wins face-off versus Ryan Getzlaf in Ducks zone.

Period #3

0:01 of 3rd period - Jozef Stumpel wins face-off versus Manny Malhotra in neutral zone.
0:12 of 3rd period - Shot by Jozef Stumpel.
0:12 of 3rd period - Stopped by Alexander Auld without a rebound.
0:13 of 3rd period - Ryan Getzlaf wins face-off versus Sergei Fedorov in BlueJackets zone.
0:15 of 3rd period - Corey Perry is hit by Ron Hainsey and loses puck.
0:45 of 3rd period - Shot by Rick Nash.
0:45 of 3rd period - Stopped by JS Giguere without a rebound.
0:46 of 3rd period - Sergei Fedorov wins face-off versus Jozef Stumpel in Ducks zone.
0:47 of 3rd period - Shot by Fredrik Modin.
0:47 of 3rd period - Shot Blocked by Chris Pronger.
0:52 of 3rd period - Shot by Fredrik Modin.
0:52 of 3rd period - Shot Misses the Net.
0:58 of 3rd period - Off-side.
0:59 of 3rd period - Manny Malhotra wins face-off versus Ryan Getzlaf in neutral zone.
1:08 of 3rd period - Shot by Nikolai Zherdev.
1:08 of 3rd period - Shot Misses the Net.
1:09 of 3rd period - Shot by Ron Hainsey.
1:09 of 3rd period - Shot Blocked by Scott Niedermayer.
1:54 of 3rd period - Shot by David Vyborny.
1:54 of 3rd period - Shot Blocked by Scott Niedermayer.
1:59 of 3rd period - Shot by Bryan Berard.
1:59 of 3rd period - Shot Blocked by Scott Niedermayer.
2:00 of 3rd period - Shot by Pavel Datsyuk.
2:00 of 3rd period - Shot Misses the Net.
2:01 of 3rd period - Shot by Bryan Berard.
2:01 of 3rd period - Stopped by JS Giguere without a rebound.
2:02 of 3rd period - Sergei Fedorov wins face-off versus Jozef Stumpel in Ducks zone.
2:21 of 3rd period - Shot by Fredrik Modin.
2:21 of 3rd period - Goal by Fredrik Modin.
2:22 of 3rd period - Pavel Datsyuk wins face-off versus Paul Stastny in neutral zone.
2:43 of 3rd period - Shot by Rick Nash.
2:43 of 3rd period - Stopped by JS Giguere without a rebound.
2:44 of 3rd period - Jozef Stumpel wins face-off versus Sergei Fedorov in Ducks zone.
3:02 of 3rd period - Antti Miettinen is hit by Francois Beauchemin and loses puck.
3:38 of 3rd period - Shot by Nikolai Zherdev.
3:38 of 3rd period - Stopped by JS Giguere without a rebound.
3:39 of 3rd period - Pavel Datsyuk wins face-off versus Paul Stastny in Ducks zone.
3:58 of 3rd period - Shot by Corey Perry.
3:58 of 3rd period - Shot Blocked by Bryan Berard.
3:59 of 3rd period - Shot by Joe Dipenta.
3:59 of 3rd period - Shot Blocked by Duvie Westcott.
4:00 of 3rd period - Shot by Joe Dipenta.
4:00 of 3rd period - Shot Misses the Net.
4:01 of 3rd period - Shot by Joe Dipenta.
4:01 of 3rd period - Shot Misses the Net.
4:18 of 3rd period - Shot by Rick Nash.
4:18 of 3rd period - Stopped by JS Giguere with a rebound.
4:20 of 3rd period - Minor Penalty to Rob Niedermayer for Diving.
4:21 of 3rd period - Sergei Fedorov wins face-off versus Todd Marchant in neutral zone.
4:48 of 3rd period - Shot by Fredrik Modin.
4:48 of 3rd period - Stopped by JS Giguere without a rebound.
4:49 of 3rd period - Pavel Datsyuk wins face-off versus Teemu Selanne in Ducks zone.
5:00 of 3rd period - Shot by David Vyborny.
5:00 of 3rd period - Shot Misses the Net.
5:30 of 3rd period - Icing by Fredrik Modin.
5:31 of 3rd period - Samuel Pahlsson wins face-off versus Sergei Fedorov in BlueJackets zone.
6:03 of 3rd period - Icing by Pavel Datsyuk.
6:04 of 3rd period - Pavel Datsyuk wins face-off versus Samuel Pahlsson in BlueJackets zone.
6:22 of 3rd period - Icing by Ron Hainsey.
6:23 of 3rd period - Manny Malhotra wins face-off versus Paul Stastny in BlueJackets zone.
6:27 of 3rd period - Nikolai Zherdev is hit by Sean O'Donnell and loses puck.
6:45 of 3rd period - Shot by Rob Niedermayer.
6:45 of 3rd period - Stopped by Alexander Auld without a rebound.
6:46 of 3rd period - Ryan Getzlaf wins face-off versus Sean Avery in BlueJackets zone.
8:41 of 3rd period - Shot by Manny Malhotra.
8:41 of 3rd period - Stopped by JS Giguere without a rebound.
8:42 of 3rd period - Paul Stastny wins face-off versus Nikolai Zherdev in Ducks zone.
9:00 of 3rd period - Icing by Keith Ballard.
9:01 of 3rd period - Ryan Getzlaf wins face-off versus Manny Malhotra in BlueJackets zone.
9:14 of 3rd period - Shot by Ladislav Nagy.
9:14 of 3rd period - Shot Blocked by Ron Hainsey.
9:15 of 3rd period - Shot by Mike Van Ryn.
9:15 of 3rd period - Shot Misses the Net.
9:18 of 3rd period - Shot by Ladislav Nagy.
9:18 of 3rd period - Shot Blocked by Keith Ballard.
9:18 of 3rd period - Major Penalty to Manny Malhotra for Kneeing.
9:19 of 3rd period - Andy McDonald wins face-off versus Sergei Fedorov in BlueJackets zone.
9:44 of 3rd period - Shot by Andy McDonald.
9:44 of 3rd period - Shot Blocked by Adam Foote.
10:31 of 3rd period - Shot by Jozef Stumpel.
10:31 of 3rd period - Shot Misses the Net.
10:32 of 3rd period - Shot by Jozef Stumpel.
10:32 of 3rd period - Stopped by Alexander Auld without a rebound.
10:33 of 3rd period - Jozef Stumpel wins face-off versus Sergei Fedorov in BlueJackets zone.
10:44 of 3rd period - Shot by Rob Niedermayer.
10:44 of 3rd period - Shot Misses the Net.
12:03 of 3rd period - Shot by Chris Kunitz.
12:03 of 3rd period - Shot Misses the Net.
12:06 of 3rd period - Shot by Chris Kunitz.
12:06 of 3rd period - Stopped by Alexander Auld without a rebound.
12:07 of 3rd period - Fredrik Modin wins face-off versus Jozef Stumpel in BlueJackets zone.
13:39 of 3rd period - Off-side.
13:40 of 3rd period - Rob Niedermayer wins face-off versus Fredrik Modin in neutral zone.
14:31 of 3rd period - Shot by Manny Malhotra.
14:31 of 3rd period - Stopped by JS Giguere without a rebound.
14:32 of 3rd period - Ryan Getzlaf wins face-off versus Pavel Datsyuk in Ducks zone.
15:14 of 3rd period - Icing by Sean O'Donnell.
15:15 of 3rd period - Manny Malhotra wins face-off versus Ryan Getzlaf in Ducks zone.
15:20 of 3rd period - Shot by Dan Fritsche.
15:20 of 3rd period - Stopped by JS Giguere without a rebound.
15:21 of 3rd period - Sergei Fedorov wins face-off versus Paul Stastny in Ducks zone.
15:27 of 3rd period - Antti Miettinen is hit by Rob Niedermayer and loses puck.
15:32 of 3rd period - Icing by Joe Dipenta.
15:33 of 3rd period - Paul Stastny wins face-off versus Manny Malhotra in Ducks zone.
15:51 of 3rd period - Off-side.
15:52 of 3rd period - Sergei Fedorov wins face-off versus Jozef Stumpel in neutral zone.
15:59 of 3rd period - Shot by Fredrik Modin.
15:59 of 3rd period - Shot Misses the Net.
16:02 of 3rd period - Shot by Sergei Fedorov.
16:02 of 3rd period - Stopped by JS Giguere with a rebound.
16:03 of 3rd period - Shot by Adam Foote.
16:03 of 3rd period - Shot Misses the Net.
16:04 of 3rd period - Shot by Adam Foote.
16:04 of 3rd period - Shot Misses the Net.
16:07 of 3rd period - Shot by Sergei Fedorov.
16:07 of 3rd period - Shot Blocked by Francois Beauchemin.
16:10 of 3rd period - Shot by Sergei Fedorov.
16:10 of 3rd period - Shot Misses the Net.
17:12 of 3rd period - Off-side.
17:13 of 3rd period - Ryan Getzlaf wins face-off versus Pavel Datsyuk in neutral zone.
17:27 of 3rd period - Ladislav Nagy is hit by Duvie Westcott and loses puck.
17:29 of 3rd period - Shot by Ryan Getzlaf.
17:29 of 3rd period - Shot Misses the Net.
17:30 of 3rd period - Shot by Scott Niedermayer.
17:30 of 3rd period - Stopped by Alexander Auld without a rebound.
17:31 of 3rd period - Manny Malhotra wins face-off versus Ryan Getzlaf in BlueJackets zone.
17:31 of 3rd period - Minor Penalty to Ladislav Nagy for Roughing.
17:32 of 3rd period - Samuel Pahlsson wins face-off versus Pavel Datsyuk in BlueJackets zone.
17:35 of 3rd period - Shot by Travis Green.
17:35 of 3rd period - Shot Blocked by Keith Ballard.
18:36 of 3rd period - Shot by Dan Fritsche.
18:36 of 3rd period - Shot Misses the Net.
18:37 of 3rd period - Shot by Duvie Westcott.
18:37 of 3rd period - Stopped by JS Giguere without a rebound.
18:38 of 3rd period - David Vyborny wins face-off versus Rob Niedermayer in Ducks zone.
18:59 of 3rd period - Shot by David Vyborny.
18:59 of 3rd period - Shot Blocked by Chris Pronger.
19:33 of 3rd period - Off-side.
19:34 of 3rd period - Manny Malhotra wins face-off versus Chris Kunitz in neutral zone.
19:42 of 3rd period - Minor Penalty to Mike Van Ryn for Elbowing.
19:43 of 3rd period - Sergei Fedorov wins face-off versus Samuel Pahlsson in Ducks zone.
19:52 of 3rd period - Shot by Antti Miettinen.
19:52 of 3rd period - Stopped by JS Giguere with a rebound.

Overtime #1

0:01 of 1st overtime period - Rob Niedermayer wins face-off versus Sergei Fedorov in neutral zone.
0:18 of 1st overtime period - Shot by Rick Nash.
0:18 of 1st overtime period - Stopped by JS Giguere without a rebound.
0:19 of 1st overtime period - Rob Niedermayer wins face-off versus David Vyborny in Ducks zone.
1:36 of 1st overtime period - Shot by Sergei Fedorov.
1:36 of 1st overtime period - Shot Misses the Net.
1:39 of 1st overtime period - Shot by Sergei Fedorov.
1:39 of 1st overtime period - Shot Misses the Net.
1:40 of 1st overtime period - Shot by Rick Nash.
1:40 of 1st overtime period - Stopped by JS Giguere without a rebound.
1:41 of 1st overtime period - Sergei Fedorov wins face-off versus Rob Niedermayer in Ducks zone.
1:55 of 1st overtime period - Off-side.
1:56 of 1st overtime period - Sergei Fedorov wins face-off versus Jozef Stumpel in neutral zone.
2:11 of 1st overtime period - Shot by Rick Nash.
2:11 of 1st overtime period - Stopped by JS Giguere without a rebound.
2:12 of 1st overtime period - Ryan Getzlaf wins face-off versus David Vyborny in Ducks zone.
2:23 of 1st overtime period - Shot by David Vyborny.
2:23 of 1st overtime period - Stopped by JS Giguere with a rebound.
2:26 of 1st overtime period - Shot by Fredrik Modin.
2:26 of 1st overtime period - Shot Blocked by Ladislav Nagy.
2:27 of 1st overtime period - Shot by Patrice Brisebois.
2:27 of 1st overtime period - Shot Misses the Net.
2:30 of 1st overtime period - Shot by Fredrik Modin.
2:30 of 1st overtime period - Stopped by JS Giguere without a rebound.
2:31 of 1st overtime period - Sergei Fedorov wins face-off versus Jozef Stumpel in Ducks zone.
2:34 of 1st overtime period - Shot by Sergei Fedorov.
2:34 of 1st overtime period - Stopped by JS Giguere without a rebound.
2:35 of 1st overtime period - Sergei Fedorov wins face-off versus Jozef Stumpel in Ducks zone.
2:36 of 1st overtime period - Shot by Rick Nash.
2:36 of 1st overtime period - Stopped by JS Giguere with a rebound.
2:45 of 1st overtime period - Shot by Jozef Stumpel.
2:45 of 1st overtime period - Shot Misses the Net.
3:56 of 1st overtime period - Shot by Ryan Getzlaf.
3:56 of 1st overtime period - Goal by Andy McDonald.


Output by the SimonT Hockey Simulator (STHS) for Stephane Roy -- Original Page W3C XHTML 1.0 Valid